| TOP OF THE 1ST |
|
Lexington Legends batting - Pitching for Charleston RiverDogs : RHP Danny Rasdall
|
|
Pitching: RHP Danny Rasdall
|
|
|
Batting: RHB Matt Belgard
|
0-0: Foul Ball, location: 2F 0-1: Ball 1-1: Swinging Strike 1-2: Strikes out swinging
|
|
Batting: RHB Yi-lin Niu
|
0-0: Foul Ball, location: 2F 0-1: Ball 1-1: Called Strike 1-2: Ball 2-2: Foul Ball, location: 2F 2-2: Foul Ball, location: 2F 2-2: Ball 3-2: SINGLE (Flyball, 7S, EV 88.8 MPH)
|
|
Batting: RHB Justin Bonner
|
0-0: Called Strike 0-1: Ball 1-1: Ball 2-1: Fielders Choice at 2nd, 4-6 (Groundball, 4M, EV 84.4 MPH)
|
|
Batting: RHB Kevin Roseen
|
0-0: Ball 1-0: Called Strike 1-1: Ball 2-1: Ground out 6-3 (Groundball, 6S, EV 79.4 MPH)
|
| Top of the 1st over - 0 runs, 1 hit, 0 errors, 1 left on base; Lexington 0 - Charleston 0 |
| BOTTOM OF THE 1ST |
|
Charleston RiverDogs batting - Pitching for Lexington Legends : RHP Gabe Torres
|
|
Pitching: RHP Gabe Torres
|
|
|
Batting: RHB Luwen Storm
|
0-0: Called Strike 0-1: Fly out, F9 (Flyball, 9LS, EV 75.0 MPH)
|
|
Batting: RHB Brandon Lemay
|
0-0: SINGLE (Flyball, 7LS, EV 88.1 MPH)
|
|
Batting: LHB Matt Steinke
|
0-0: Called Strike 0-1: Ball 1-1: Ball 2-1: Ball 3-1: Foul Ball, location: 2F 3-2: Ground out U3 (Groundball, 3, EV 82.5 MPH) Brandon Lemay to second
|
|
Batting: LHB Eddie Ramirez
|
0-0: Ball 1-0: SINGLE (Groundball, 4MD, EV 100.6 MPH) Brandon Lemay to third Runner from 3rd tries for Home, SAFE, throw by CF to home
|
|
Batting: RHB Tim Nordahl
|
0-0: Ball 1-0: Ball 2-0: Ball 3-0: Base on Balls Eddie Ramirez to second
|
|
Batting: SHB Mike Goad
|
0-0: Called Strike 0-1: Reached on error, E6 (Groundball, 6M, EV 101.2 MPH) Eddie Ramirez to third Tim Nordahl to second
|
|
Batting: RHB Miguel Leal
|
0-0: SINGLE (Flyball, 7LS, EV 86.2 MPH) Eddie Ramirez scores Tim Nordahl to third Mike Goad to second
|
|
Batting: RHB Nick Massengale
|
0-0: Fielders Choice at 2nd, 6-4 (Groundball, 6MD, EV 85.6 MPH)
|
| Bottom of the 1st over - 2 runs, 3 hits, 1 error, 3 left on base; Lexington 0 - Charleston 2 |
| TOP OF THE 2ND |
|
Lexington Legends batting - Pitching for Charleston RiverDogs : RHP Danny Rasdall
|
|
Batting: LHB Josh Moore
|
0-0: Swinging Strike 0-1: Foul Ball, location: 2F 0-2: Fly out, F8 (Flyball, 8RM, EV 81.2 MPH)
|
|
Batting: RHB Andy Urquhart
|
0-0: Called Strike 0-1: Ball 1-1: Foul Ball, location: 2F 1-2: Fly out, F8 (Flyball, 8RXD, EV 100.0 MPH)
|
|
Batting: RHB Dante McCauley
|
0-0: Ball 1-0: Foul Ball, location: 2F 1-1: Ball 2-1: Ball 3-1: Called Strike 3-2: Fly out, F7 (Flyball, 78S, EV 83.8 MPH)
|
| Top of the 2nd over - 0 runs, 0 hits, 0 errors, 0 left on base; Lexington 0 - Charleston 2 |
| BOTTOM OF THE 2ND |
|
Charleston RiverDogs batting - Pitching for Lexington Legends : RHP Gabe Torres
|
|
Batting: RHB Chris Yancey
|
0-0: Foul Ball, location: 2F 0-1: Ground out U3 (Groundball, 34, EV 105.6 MPH)
|
|
Batting: RHB Luwen Storm
|
0-0: Ball 1-0: Ball 2-0: Ball 3-0: Base on Balls
|
|
Pitching: RHP Matt Voulgaris
|
|
|
Batting: RHB Brandon Lemay
|
0-0: Ball 1-0: Foul Ball, location: 2F 1-1: SINGLE (Line Drive, 56D, EV 106.9 MPH) Luwen Storm to second
|
|
Batting: LHB Matt Steinke
|
0-0: Grounds into double play, 3-6-1 (Groundball, 3S, EV 87.5 MPH)
|
| Bottom of the 2nd over - 0 runs, 1 hit, 0 errors, 1 left on base; Lexington 0 - Charleston 2 |
| TOP OF THE 3RD |
|
Lexington Legends batting - Pitching for Charleston RiverDogs : RHP Danny Rasdall
|
|
Batting: RHB Matt Tittle
|
0-0: Called Strike 0-1: DOUBLE (Flyball, 7LD, EV 81.9 MPH)
|
|
Batting: RHB Allen Crenshaw
|
0-0: Ball 1-0: Swinging Strike 1-1: Called Strike 1-2: Strikes out swinging
|
|
Batting: RHB Matt Belgard
|
0-0: Swinging Strike 0-1: Ball 1-1: Swinging Strike 1-2: Ground out 4-3 (Groundball, 4, EV 108.1 MPH) Matt Tittle to third
|
|
Batting: RHB Yi-lin Niu
|
0-0: Called Strike 0-1: DOUBLE (Flyball, 8LXD, EV 92.5 MPH) Matt Tittle scores
|
|
Batting: RHB Justin Bonner
|
0-0: Foul Ball, location: 2F 0-1: Ball 1-1: Swinging Strike 1-2: Foul Ball, location: 2F 1-2: SINGLE (Line Drive, 78M, EV 91.2 MPH) Yi-lin Niu to third Runner from 3rd tries for Home, SAFE, throw by CF to home Justin Bonner to second
|
|
Batting: RHB Kevin Roseen
|
0-0: Foul Ball, location: 2F 0-1: Fly out, F8 (Flyball, 8LD, EV 86.2 MPH)
|
| Top of the 3rd over - 2 runs, 3 hits, 0 errors, 1 left on base; Lexington 2 - Charleston 2 |
| BOTTOM OF THE 3RD |
|
Charleston RiverDogs batting - Pitching for Lexington Legends : RHP Matt Voulgaris
|
|
Batting: LHB Eddie Ramirez
|
0-0: Ball 1-0: Called Strike 1-1: Ball 2-1: Ball 3-1: Swinging Strike 3-2: Ground out 4-3 (Groundball, 4M, EV 86.2 MPH)
|
|
Batting: RHB Tim Nordahl
|
0-0: Called Strike 0-1: Called Strike 0-2: Fly out, F9 (Flyball, 9, EV 95.6 MPH)
|
|
Batting: SHB Mike Goad
|
0-0: Called Strike 0-1: SINGLE (Groundball, 4MD, EV 108.8 MPH)
|
|
Batting: RHB Miguel Leal
|
0-0: Ball 1-0: Ground out U3 (Groundball, 3S, EV 82.5 MPH)
|
| Bottom of the 3rd over - 0 runs, 1 hit, 0 errors, 1 left on base; Lexington 2 - Charleston 2 |
| TOP OF THE 4TH |
|
Lexington Legends batting - Pitching for Charleston RiverDogs : RHP Danny Rasdall
|
|
Batting: LHB Josh Moore
|
0-0: Called Strike 0-1: Ball 1-1: Ball 2-1: Ball 3-1: SINGLE (Groundball, 6S, EV 68.1 MPH) (infield hit)
|
|
Batting: RHB Andy Urquhart
|
0-0: Ball 1-0: Swinging Strike 1-1: Fielders Choice at 2nd, 6-4 (Groundball, 6, EV 91.9 MPH)
|
|
Batting: RHB Dante McCauley
|
0-0: Called Strike Andy Urquhart steals 2nd base 0-1: Called Strike 0-2: Ground out 6-3 (Groundball, 6, EV 80.6 MPH) Andy Urquhart to third
|
|
Batting: RHB Matt Tittle
|
0-0: Ball 1-0: Called Strike 1-1: Ball 2-1: Swinging Strike 2-2: Ball 3-2: Strikes out swinging
|
| Top of the 4th over - 0 runs, 1 hit, 0 errors, 1 left on base; Lexington 2 - Charleston 2 |
| BOTTOM OF THE 4TH |
|
Charleston RiverDogs batting - Pitching for Lexington Legends : RHP Matt Voulgaris
|
|
Batting: RHB Nick Massengale
|
0-0: Ground out 6-3 (Groundball, 56, EV 101.9 MPH)
|
|
Pitching: RHP Rick Young
|
|
|
Batting: RHB Chris Yancey
|
0-0: Ground out 6-3 (Groundball, 6, EV 84.4 MPH)
|
|
Batting: RHB Luwen Storm
|
0-0: Ball 1-0: Fly out, F9 (Flyball, 89M, EV 91.2 MPH)
|
| Bottom of the 4th over - 0 runs, 0 hits, 0 errors, 0 left on base; Lexington 2 - Charleston 2 |
| TOP OF THE 5TH |
|
Lexington Legends batting - Pitching for Charleston RiverDogs : RHP Danny Rasdall
|
|
Batting: RHB Allen Crenshaw
|
0-0: Foul Ball, location: 2F 0-1: Ball 1-1: Foul Ball, location: 2F 1-2: Foul Ball, location: 2F 1-2: Ground out 5-3 (Groundball, 56S, EV 86.2 MPH)
|
|
Batting: RHB Matt Belgard
|
0-0: Fly out, F9 (Flyball, 9, EV 87.5 MPH)
|
|
Batting: RHB Yi-lin Niu
|
0-0: Called Strike 0-1: Swinging Strike 0-2: Ball 1-2: Foul Ball, location: 2F 1-2: SINGLE (Line Drive, 56D, EV 94.4 MPH)
|
|
Batting: RHB Justin Bonner
|
0-0: SINGLE (Line Drive, 89S, EV 92.5 MPH) Yi-lin Niu to second Runner from 2nd tries for 3rd, SAFE, throw by CF made to third
|
|
Batting: RHB Kevin Roseen
|
0-0: Swinging Strike 0-1: Swinging Strike 0-2: Ball 1-2: Ball 2-2: Foul Ball, location: 2F 2-2: Foul Ball, location: 2F 2-2: Ball Justin Bonner steals 2nd base 3-2: SINGLE (Groundball, 4MD, EV 94.4 MPH) Yi-lin Niu scores Justin Bonner to third Runner from 3rd tries for Home, SAFE, throw by CF to home
|
|
Pitching: RHP Ruud Reintjens
|
|
|
Batting: LHB Josh Moore
|
0-0: Called Strike 0-1: Ground out 4-3 (Groundball, 4, EV 84.4 MPH)
|
| Top of the 5th over - 2 runs, 3 hits, 0 errors, 1 left on base; Lexington 4 - Charleston 2 |
| BOTTOM OF THE 5TH |
|
Charleston RiverDogs batting - Pitching for Lexington Legends : RHP Rick Young
|
|
Batting: RHB Brandon Lemay
|
0-0: Ball 1-0: Swinging Strike 1-1: Foul Ball, location: 2F 1-2: Foul Ball, location: 2F 1-2: Strikes out swinging
|
|
Batting: LHB Matt Steinke
|
0-0: Ball 1-0: Ball 2-0: Called Strike 2-1: Foul Ball, location: 2F 2-2: Ball 3-2: Base on Balls
|
|
Batting: LHB Eddie Ramirez
|
0-0: Ball 1-0: Ball 2-0: SINGLE (Line Drive, 6D, EV 108.1 MPH) Matt Steinke to second
|
|
Batting: RHB Tim Nordahl
|
0-0: Ball 1-0: Called Strike 1-1: Ball 2-1: Foul Ball, location: 2F 2-2: Ground out 3-1 (Groundball, 34S, EV 66.9 MPH) Matt Steinke to third Eddie Ramirez to second
|
|
Pitching: RHP Brian Straub
|
|
|
Batting: SHB Mike Goad
|
0-0: Called Strike 0-1: DOUBLE (Line Drive, 7LM, EV 112.5 MPH) Matt Steinke scores Eddie Ramirez scores
|
|
Batting: RHB Miguel Leal
|
0-0: Called Strike 0-1: Ball 1-1: Ball 2-1: Ground out 6-3 (Groundball, 6, EV 86.2 MPH)
|
| Bottom of the 5th over - 2 runs, 2 hits, 0 errors, 1 left on base; Lexington 4 - Charleston 4 |
| TOP OF THE 6TH |
|
Lexington Legends batting - Pitching for Charleston RiverDogs : RHP Ruud Reintjens
|
|
Batting: RHB Andy Urquhart
|
0-0: Called Strike 0-1: Ball 1-1: Foul Ball, location: 2F 1-2: Ball 2-2: Strikes out swinging
|
|
Batting: RHB Dante McCauley
|
0-0: Ball 1-0: Ball 2-0: Ball 3-0: Called Strike 3-1: Base on Balls
|
|
Batting: RHB Matt Tittle
|
0-0: Ball 1-0: Called Strike 1-1: Ball 2-1: Swinging Strike 2-2: Ball Passed Ball! Dante McCauley to second 3-2: Strikes out swinging
|
|
Batting: RHB Allen Crenshaw
|
0-0: Called Strike 0-1: Ball 1-1: Ball 2-1: Swinging Strike 2-2: Strikes out swinging
|
| Top of the 6th over - 0 runs, 0 hits, 0 errors, 1 left on base; Lexington 4 - Charleston 4 |
| BOTTOM OF THE 6TH |
|
Charleston RiverDogs batting - Pitching for Lexington Legends : RHP Brian Straub
|
|
Batting: RHB Nick Massengale
|
0-0: Called Strike 0-1: Foul Ball, location: 2F 0-2: Ball 1-2: Ball 2-2: Foul Ball, location: 2F 2-2: Foul Ball, location: 2F 2-2: Strikes out swinging
|
|
Batting: RHB Chris Yancey
|
0-0: Swinging Strike 0-1: Foul Ball, location: 2F 0-2: Ball 1-2: DOUBLE (Line Drive, 3D, EV 106.9 MPH)
|
|
Batting: RHB Luwen Storm
|
0-0: Swinging Strike 0-1: Ground out 6-3 (Groundball, 6S, EV 84.4 MPH)
|
|
Pitching: LHP Ken Milhouse
|
|
|
Batting: RHB Brandon Lemay
|
0-0: Foul Ball, location: 2F 0-1: SINGLE (Groundball, 6MD, EV 95.0 MPH) Chris Yancey to third Runner from 3rd tries for Home, SAFE, throw by CF to home
|
|
Batting: LHB Matt Steinke
|
0-0: Ball 1-0: SINGLE (Groundball, 56D, EV 105.6 MPH) Brandon Lemay to second
|
|
Batting: LHB Eddie Ramirez
|
0-0: Called Strike 0-1: SINGLE (Line Drive, 4M, EV 105.6 MPH) Brandon Lemay to third Matt Steinke to second Runner from 3rd tries for Home, throw by CF and OUT! 8-2
|
| Bottom of the 6th over - 1 run, 4 hits, 0 errors, 2 left on base; Lexington 4 - Charleston 5 |
| TOP OF THE 7TH |
|
Lexington Legends batting - Pitching for Charleston RiverDogs : RHP Ruud Reintjens
|
|
Pitching: RHP Steve Fleming
|
|
|
Batting: RHB Matt Belgard
|
0-0: Swinging Strike 0-1: Ground out 1-3 (Groundball, 13S, EV 61.9 MPH)
|
|
Batting: RHB Yi-lin Niu
|
0-0: Ball 1-0: Called Strike 1-1: Ball 2-1: Swinging Strike 2-2: Foul Ball, location: 2F 2-2: Foul Ball, location: 2F 2-2: Foul Ball, location: 2F 2-2: Reached on error, E5 (Groundball, 56, EV 84.4 MPH)
|
|
Batting: RHB Justin Bonner
|
0-0: Ball Yi-lin Niu is caught stealing 2nd base 2-4 1-0: Ball 2-0: Foul Ball, location: 2F 2-1: Ball 3-1: Foul Ball, location: 2F 3-2: Foul Ball, location: 2F 3-2: Base on Balls
|
|
Batting: RHB Kevin Roseen
|
0-0: Called Strike 0-1: Ball 1-1: Foul Ball, location: 2F 1-2: Fly out, F9 (Flyball, 9LM, EV 83.8 MPH)
|
| Top of the 7th over - 0 runs, 0 hits, 1 error, 1 left on base; Lexington 4 - Charleston 5 |
| BOTTOM OF THE 7TH |
|
Charleston RiverDogs batting - Pitching for Lexington Legends : LHP Ken Milhouse
|
|
Batting: RHB Tim Nordahl
|
0-0: Ball 1-0: Called Strike 1-1: Ball 2-1: Ball 3-1: Called Strike 3-2: SINGLE (Groundball, 6D, EV 98.1 MPH)
|
|
Batting: SHB Mike Goad
|
0-0: Ball 1-0: Bunted foul 1-1: Ball 2-1: Bunt missed! 2-2: Foul Ball, location: 2F 2-2: Fly out, F8 (Flyball, 8LD, EV 101.2 MPH)
|
|
Pitching: RHP Alex Sanders
|
|
|
Batting: RHB Miguel Leal
|
0-0: SINGLE (Groundball, P, EV 84.4 MPH) (infield hit) Tim Nordahl to second
|
|
Batting: RHB Nick Massengale
|
0-0: Ball 1-0: Foul Ball, location: 2F 1-1: Ball 2-1: Swinging Strike 2-2: Ball 3-2: Base on Balls Tim Nordahl to third Miguel Leal to second
|
|
Batting: RHB Chris Yancey
|
0-0: Ball 1-0: Foul Ball, location: 2F 1-1: Called Strike 1-2: Foul Ball, location: 2F 1-2: Ball 2-2: DOUBLE (Line Drive, 9LM, EV 95.0 MPH) Tim Nordahl scores Miguel Leal scores Nick Massengale to third
|
|
Batting: RHB Luwen Storm
|
0-0: Ball 1-0: Called Strike 1-1: Ball 2-1: Ball 3-1: Called Strike 3-2: Foul Ball, location: 2F 3-2: Fly out, F8 (Flyball, 8LXD, EV 91.9 MPH) Runner from 3rd tags up, SCORES, no throw by CF
|
|
Pitching: LHP Joel Page
|
|
|
Batting: RHB Brandon Lemay
|
0-0: Called Strike 0-1: Ball 1-1: Foul Ball, location: 2F 1-2: Foul Ball, location: 2F 1-2: Ball 2-2: Ball Wild Pitch! Chris Yancey to third 3-2: DOUBLE (Line Drive, 5D, EV 95.6 MPH) Chris Yancey scores
|
|
Batting: LHB Matt Steinke
|
0-0: Called Strike 0-1: Ball 1-1: Ball 2-1: Ball 3-1: Foul Ball, location: 2F 3-2: Base on Balls
|
|
Batting: LHB Eddie Ramirez
|
0-0: Hit by Pitch Brandon Lemay to third Matt Steinke to second
|
|
Batting: RHB Tim Nordahl
|
0-0: Ball 1-0: Swinging Strike 1-1: Ball 2-1: Foul Ball, location: 2F 2-2: Foul Ball, location: 2F 2-2: Ball 3-2: Fly out, F9 (Flyball, 9S, EV 91.9 MPH)
|
| Bottom of the 7th over - 4 runs, 4 hits, 0 errors, 3 left on base; Lexington 4 - Charleston 9 |
| TOP OF THE 8TH |
|
Lexington Legends batting - Pitching for Charleston RiverDogs : RHP Steve Fleming
|
|
Batting: LHB Josh Moore
|
0-0: Ball 1-0: Swinging Strike 1-1: Foul Ball, location: 2F 1-2: Strikes out looking
|
|
Batting: RHB Andy Urquhart
|
0-0: Foul Ball, location: 2F 0-1: Foul Ball, location: 2F 0-2: Strikes out swinging
|
|
Batting: RHB Dante McCauley
|
0-0: Foul Ball, location: 2F 0-1: Called Strike 0-2: Strikes out swinging
|
| Top of the 8th over - 0 runs, 0 hits, 0 errors, 0 left on base; Lexington 4 - Charleston 9 |
| BOTTOM OF THE 8TH |
|
Charleston RiverDogs batting - Pitching for Lexington Legends : LHP Joel Page
|
|
Batting: SHB Mike Goad
|
0-0: Ball 1-0: Called Strike 1-1: Foul Ball, location: 2F 1-2: Ball 2-2: Fly out, F8 (Flyball, 78D, EV 99.4 MPH)
|
|
Batting: RHB Miguel Leal
|
0-0: Foul Ball, location: 2F 0-1: Ball 1-1: Ball 2-1: Foul Ball, location: 2F 2-2: SOLO HOME RUN (Flyball, 7D, EV 106.2 MPH), Distance : 422 ft
|
|
Batting: RHB Nick Massengale
|
0-0: Ball 1-0: Foul Ball, location: 2F 1-1: Foul Ball, location: 2F 1-2: Ball 2-2: Ball 3-2: Base on Balls
|
|
Batting: RHB Chris Yancey
|
0-0: Ball 1-0: Called Strike 1-1: Ball 2-1: Foul Ball, location: 2F 2-2: Ball Nick Massengale steals 2nd base 3-2: Foul Ball, location: 2F 3-2: Base on Balls
|
|
Batting: RHB Luwen Storm
|
0-0: Ball 1-0: Ball 2-0: Swinging Strike 2-1: Swinging Strike 2-2: Strikes out looking
|
|
Batting: RHB Brandon Lemay
|
0-0: Swinging Strike 0-1: Swinging Strike 0-2: Strikes out swinging
|
| Bottom of the 8th over - 1 run, 1 hit, 0 errors, 2 left on base; Lexington 4 - Charleston 10 |
| TOP OF THE 9TH |
|
Lexington Legends batting - Pitching for Charleston RiverDogs : RHP Steve Fleming
|
|
Batting: RHB Matt Tittle
|
0-0: Called Strike 0-1: Ball 1-1: Called Strike 1-2: Ball 2-2: Strikes out looking
|
|
Batting: RHB Allen Crenshaw
|
0-0: Ball 1-0: Ball 2-0: Ball 3-0: Called Strike 3-1: Foul Ball, location: 2F 3-2: Base on Balls
|
|
Batting: RHB Matt Belgard
|
0-0: Called Strike 0-1: SINGLE (Groundball, 56D, EV 100.0 MPH) Allen Crenshaw to second
|
|
Batting: RHB Yi-lin Niu
|
0-0: Called Strike 0-1: Swinging Strike 0-2: SINGLE (Line Drive, 78S, EV 91.9 MPH) Allen Crenshaw to third Matt Belgard to second
|
|
Batting: RHB Justin Bonner
|
0-0: Foul Ball, location: 2F 0-1: Ball 1-1: Foul Ball, location: 2F 1-2: Fielders Choice at 2nd, 3-6 (Groundball, 34, EV 95.0 MPH) Allen Crenshaw scores Matt Belgard to third
|
|
Batting: RHB Kevin Roseen
|
0-0: Called Strike 0-1: Ball 1-1: Called Strike 1-2: Fly out, F9 (Flyball, 9, EV 80.6 MPH)
|
| Top of the 9th over - 1 run, 2 hits, 0 errors, 2 left on base; Lexington 5 - Charleston 10 |
|